 Dungeon Crawl Stone Soup version 0.32-a0-411-g744942f433 (webtiles) character file.

Game seed: 8112253694684468632

52 jasper the Poker (level 3, -2/43 HPs)
             Began as a Coglin Chaos Knight on Feb 20, 2024.
             Slain by a gnoll
             ... wielding a +0 flail
              (5 damage)
             ... on level 2 of the Dungeon.
             The game lasted 00:02:01 (933 turns).

jasper the Poker (Coglin Chaos Knight)               Turns: 933, Time: 00:02:01

Health: -2/43      AC: 21    Str: 12    XL:     3   Next: 85%
Magic:  3/3        EV:  2    Int: 13    God:
Gold:   36         SH:  0    Dex: 13    Spells: 2/2 levels left

rFire   . . .        a - +0 spear (chaos) {Carlos}
rCold   . . .        i - +0 spear {Prani}
rNeg    . . .        b - melded +2 leather armour
rPois   +            (helmet currently unavailable)
rElec   .            (cloak currently unavailable)
rCorr   .            (gloves currently unavailable)
SInv    .            (boots currently unavailable)
Will    .....        (no amulet)
Stlth   +            (no ring)
HPRegen 0.27/turn    (no ring)
MPRegen 0.08/turn

%: no passive effects
@: lethally poisoned (-2 -> -5), tree-form, revved
A: stationary, stasis, torment immunity, boosted hp, off-hand wielding, slow
wielding, warmup strikes, (legs shutdown), (poison resistance)
a: no special abilities


You were on level 2 of the Dungeon.
You were a tree.
You visited 1 branch of the dungeon, and saw 2 of its levels.

You collected 36 gold pieces.

Inventory:

Hand Weapons
 a - a +0 spear of chaos (weapon) {Carlos}
 f - a +0 heavy hand axe {Tiberius}
 i - a +0 spear (offhand) {Prani}
Missiles
 d - 28 stones (quivered)
 e - 3 silver javelins
 h - 4 poisoned darts
Armour
 b - a +2 leather armour (melded)
Scrolls
 c - a scroll of butterflies


   Skills:
 - Level 3.0 Fighting
 + Level 4.2 Polearms
 - Level 1.7 Armour
 - Level 0.8 Dodging


You had 2 spell levels left.
You didn't know any spells.
Your spell library was empty.

Dungeon Overview and Level Annotations

Branches:
Dungeon (2/15)

Altars:


Innate Abilities, Weirdness & Mutations

You are a tree.
Your roots penetrate the ground, keeping you stationary.
You cannot be teleported.
You are immune to unholy pain and torment.
Your maximum health is greatly increased.
Your equipment is partially melded.
You can wield a second weapon in your off-hand.
It takes a long time for you to wield or remove held weapons.
Your first few attacks do less damage.
((Attacking and casting redirects power from your legs.))
((Your system is resistant to poisons. (rPois)))


Message History

You take 5 damage, and have 7/29 hp.
It was a potion of magic.
Magic courses through your body.
You are no longer unable to travel.
* * * LOW HITPOINT WARNING * * *
You feel sick. The gnoll hits you but does no damage. The gnoll misses you.
The gnoll barely misses you.
You take 2 damage, and have 5/29 hp.
It was a potion of lignification.
You turn into a tree.
Your +2 leather armour melds into your body.
Your roots penetrate the ground.
* * * LOW HITPOINT WARNING * * *
You feel sick.
The gnoll hits you but does no damage. x2
You now have 6/43 hp.
Reach: a) +0 spear (chaos) {Carlos}
Press: ? - help, Dir - move target, f/p - gnoll
Aim: a gnoll, wielding a +2 spear of venom (about 34% to evade your +0 spear of chaos)
You reach to attack!
You barely miss the gnoll with your +0 spear of chaos.
You hit the gnoll but do no damage.
You feel sick.
The gnoll hits you but does no damage. x3
You take 1 damage, and have 5/43 hp.
Reach: a) +0 spear (chaos) {Carlos}
Press: ? - help, Dir - move target, f/p - gnoll
Aim: a gnoll, wielding a +2 spear of venom (about 34% to evade your +0 spear of chaos)
You reach to attack!
You closely miss the gnoll with your +0 spear.
You closely miss the gnoll with your +0 spear of chaos.
The gnoll hits you but does no damage. The gnoll hits you with a +0 flail.
* * * LOW HITPOINT WARNING * * *
You take 2 damage, and have 3/43 hp.
Reach: a) +0 spear (chaos) {Carlos}
Press: ? - help, Dir - move target, f/p - gnoll
Aim: a gnoll, wielding a +2 spear of venom (about 34% to evade your +0 spear of chaos)
The gnoll is in the way.
You closely miss the gnoll with your +0 spear of chaos.
The gnoll is moderately wounded.
You hit the gnoll with your +0 spear.
* * * LOW HITPOINT WARNING * * *
You feel sick. The gnoll hits you with a +0 flail.
You die...

###.#.# #.# ##....#
#.# #.....# #.#
##.g.## #.# ##..# #.#
#.g# ######.## #..#
#...#...#####.#
#..####.............#
#.gwgg♣...#...#######
#.######.###.## #.#
### #.# #.# #.# #.#
#.# #.# ######.# #[#
##......####### #.#
#.............# #.#
#..##########.#


You could see a ribbon worm and 3 gnolls.

Vanquished Creatures
  2 bats (D:1)
  7 endoplasms
  2 giant cockroaches (D:1)
  A goblin (D:1)
  4 jackals (D:1)
  2 quokkas (D:1)
  2 frilled lizards
  4 kobolds (D:1)
  4 rats (D:1)
28 creatures vanquished.

Notes
Turn   | Place    | Note
-------+----------+-------------------------------------------
     0 | D:1      | jasper the Coglin Chaos Knight began the quest for the Orb.
     0 | D:1      | Reached XP level 1. HP: 18/18 MP: 1/1
     2 | D:1      | XOM: silly message
    50 | D:1      | XOM: silly message
    74 | D:1      | Reached skill level 3 in Polearms
   105 | D:1      | Reached XP level 2. HP: 23/24 MP: 2/2
   128 | D:1      | Fell from the grace of Xom
   248 | D:1      | Reached XP level 3. HP: 29/29 MP: 3/3
   436 | D:1      | Found a faded altar of an unknown god.
   496 | D:1      | Reached skill level 4 in Polearms
   721 | D:1      | XOM: give mutation
   721 | D:1      | Gained mutation: Your system is resistant to poisons.
                  | (rPois) [Xom's grace]
   933 | D:2      | Slain by a gnoll

Illustrated notes

Levels and vault maps discovered:
D:1:      dpeg_arrival_round_a, layout_basic, ebering_ecumenical_altar_box
D:2:      layout_loops_ring, basic_altar, serial_shops, shop_coins,
          dreamdust_princess_corridor

Skill      XL: |  1  2  3 |
---------------+----------+-----
Polearms       | 3 4 |  4.2
Fighting       | |  3.0
Armour         | |  1.7
Dodging        | |  0.8

Action                     || total
---------------------------++-------
  Melee: Spear             ||   102
         Hand axe          ||     9
 Invoke: Renounce Religion ||     1
    Use: Potion            ||     2
         Scroll            ||     1
 Armour: Leather armour    ||    43
         Skin              ||     8
  Dodge: Dodged            ||    43

Table legend: (Time is in decaauts)
 A = Elapsed time spent in this place.
 B = Non-inter-level travel time spent in this place.
 C = Inter-level travel time spent in this place.
 D = Time resting spent in this place.
 E = Time spent auto-exploring this place.
 F = Levels seen in this place.
 G = Mean time per level.
                   A        B        C        D        E       F      G
               +--------+--------+--------+--------+--------+-----+--------+
         Total |    930 |    917 |     13 |      4 |    678 |   2 |  465.0 |
       Dungeon |    930 |    917 |     13 |      4 |    678 |   2 |  465.0 |
               +--------+--------+--------+--------+--------+-----+--------+

Top non-repeatable levels by time:
     D:1: 786 daAuts
     D:2: 143 daAuts
